 Dungeon Crawl Stone Soup version 0.29.0-4-gdea44cf6ec (webtiles) character file.

Game seed: 2335523103727029727

1437 qw the Grappler (level 8, -2/68 HPs)
             Began as a Ghoul Fire Elementalist on Aug 29, 2022.
             Slain by a steam dragon (8 damage)
             ... on level 7 of the Dungeon.
             The game lasted 00:05:23 (7200 turns).

qw the Grappler (Ghoul Fire Elementalist)           Turns: 7200, Time: 00:05:24

Health: -2/68      AC:  7    Str: 14    XL:     8   Next: 74%
Magic:  0/9        EV:  9    Int: 10    God:
Gold:   240        SH:  4    Dex:  9    Spells: 9/10 levels left

rFire   . . .      SeeInvis .     - Unarmed
rCold   + + .      Faith    .   b - +0 buckler
rNeg    + + +      Spirit   +   q - +0 scale mail
rPois   inf        Reflect  .   c - +0 helmet
rElec   .          Harm     .   (no cloak)
rCorr   .          Rampage  .   (no gloves)
Will    .....                   (no boots)
Stlth   ..........              g - amulet of guardian spirit
HPRegen 0.00/turn               p - ring of protection from cold
MPRegen 0.11/turn               (no ring)

@: inhibited regen
A: claws 1, cold resistance 1, negative energy resistance 3, inhibited
regeneration, torment resistance 2, devour on kill
a: no special abilities


You were on level 7 of the Dungeon.
You visited 1 branch of the dungeon, and saw 7 of its levels.

You collected 240 gold pieces.


Innate Abilities, Weirdness & Mutations

You are immune to poison.
You have sharp fingernails.
Your flesh is cold resistant. (rC+)
You are immune to negative energy. (rN+++)
You do not regenerate when monsters are visible.
You are immune to unholy pain and torment.
You thrive by killing the living.


   Skills:
 - Level 5.0 Fighting
 - Level 1.6 Armour
 - Level 1.7 Dodging
 - Level 2.1 Stealth
 - Level 2.2 Shields
 + Level 9.3 Unarmed Combat
 - Level 1.7 Spellcasting
 - Level 0.7 Conjurations
 - Level 2.4 Fire Magic


You had 9 spell levels left.
You knew the following spells:

 Your Spells              Type           Power      Damage    Failure   Level
a - Foxfire               Conj/Fire      16%        2x1d4     67%         1

Your spell library contained the following spells:

 Spells                   Type           Power      Damage    Failure   Level
 Scorch                   Fire           10%        2d5       71%         2
 Conjure Flame            Conj/Fire      4%         6-21      96%         3
 Inner Flame              Hex/Fire       3%         N/A       98%         3
 Flame Wave               Conj/Fire      4%         2d5       100%        4

Inventory:

Missiles
 f - 3 boomerangs (quivered)
Armour
 b - a +0 buckler (worn)
 c - a +0 helmet (worn)
 q - a +0 scale mail (worn)
Jewellery
 g - an amulet of guardian spirit (around neck)
 i - the amulet "Roirphut" {Spirit rF- Dex+5}
   (You found it on level 3 of the Dungeon)

   [amulet of guardian spirit]

   It causes incoming damage to be divided between your reserves of health and
   magic.
   Dex:       It affects your dexterity (+5).
   rF:        It makes you vulnerable to fire.
 l - a ring of ice
 p - a ring of protection from cold (left claw)
Scrolls
 k - a scroll of identify
 o - 3 scrolls of teleportation
Potions
 d - 2 potions of might
 e - 4 potions of curing
 h - a potion of attraction {unknown}
 j - a potion of lignification {unknown}
 m - a potion of heal wounds

Dungeon Overview and Level Annotations

Branches:
Dungeon (7/15)
 Temple: D:4-7

Altars:
Cheibriados
Fedhas
Hepliaklqana
Kikubaaqudgha
Qazlal
Uskayaw
Wu Jian
Xom
Yredelemnul

Shops:
D:2 =

Annotations:
D:2 1 runed translucent door, Crazy Yiuf


Message History

The wight is heavily damaged.
The wight hits you with a +2 dagger. The wight hits you with a +2 battleaxe.
A white imp comes into view.
You closely miss the wight.
The wight is heavily damaged.
The white imp shouts, "Bolt, thou worm-eaten guts-griping dust catcher!"
The wight hits you with a +2 dagger. The wight barely misses you.
The white imp disappears for a moment.
The white imp gestures at you.
The puff of frost hits you but does no damage.
You resist.
You scratch the wight.
The wight is severely damaged.
The wight hits you with a +2 dagger. The wight barely misses you.
The wight hits you from afar with a +0 trident.
The wight barely misses you.
The white imp shouts, "Back with thee, thou gorbellied moldwarp flesh wound!"
The white imp hits you but does no damage.
You scratch the wight.
The wight is almost destroyed.
The wight closely misses you. The wight hits you with a +4 falchion.
The wight hits you but does no damage. The white imp gestures at you.
The puff of frost hits you. You resist.
You claw the wight!
You destroy the wight!
The wight hits you with a +4 falchion. The wight barely misses you.
The white imp closely misses you.
You barely miss the wight. The wight hits you with a +4 falchion.
The wight closely misses you. The wight misses you.
The steam dragon breathes steam at you. The ball of steam hits you!!
The white imp gestures at you. The puff of frost hits you. You resist.
You barely miss the wight.
You are engulfed in a cloud of scalding steam.
The wight barely misses you. The wight closely misses you.
The wight hits you with a +2 battleaxe! The steam dragon bites you!
You die...

############
#..........#
##.#........#
#.........z.#
#...?.....z@#
##.......<.D5#
#.....$..5z5.#
.._..8.._....#
.............#
.............#
..........####
..#.......#
....###.#.#


You could see a steam dragon, 3 wights, 2 white imps and a shadow imp.

Vanquished Creatures
  2 ice beasts
  A black bear (D:6)
  2 ogres
  2 necrophages
  A bullfrog (D:5)
  2 scorpions (D:4)
  A wight (D:7)
  2 vampire bats (D:5)
  2 gnoll boudas
  4 hounds
  3 iguanas
  Robin (D:2)
  7 adders
  9 gnolls
  2 shadow imps
  3 white imps (D:5)
  An ufetubus (D:4)
  4 worms
  5 orcs
  6 ball pythons
  3 bats (D:1)
  2 bat skeletons (D:5)
  4 bat zombies (D:5)
  3 endoplasms
  3 giant cockroaches
  17 goblins
  9 hobgoblins
  2 jackals (D:1)
  3 quokkas
  A frilled lizard (D:1)
  7 kobolds
  6 rats
120 creatures vanquished.

Vanquished Creatures (others)
  6 plants (D:4)
6 creatures vanquished.

Grand Total: 126 creatures vanquished

Notes
Turn   | Place    | Note
-------+----------+-------------------------------------------
     0 | D:1      | qw the Ghoul Fire Elementalist began the quest for the Orb.
     0 | D:1      | Reached XP level 1. HP: 14/14 MP: 2/2
     0 | D:1      | 0 ||| qw: Version: 0.1-a-90-g952f4b7
     0 | D:1      | 0 ||| qw: Game counter: 3768
     0 | D:1      | 0 ||| qw: Always use a shield: true
     0 | D:1      | 0 ||| qw: God list: Okawaru
     0 | D:1      | 0 ||| qw: Allow faded altars: false
     0 | D:1      | 0 ||| qw: Do Orc after D:15 true
     0 | D:1      | 0 ||| qw: Do second Lair branch before Depths: true
     0 | D:1      | 0 ||| qw: Lair rune preference: random
     0 | D:1      | 0 ||| qw: Plans: Normal
     0 | D:1      | 0 ||| PLANNING D:1-11
   193 | D:1      | 193 ||| Stepping ~*~*~tactically~*~*~ (stealth).
   211 | D:1      | Reached skill level 1 in Unarmed Combat
   416 | D:1      | Found a faded altar of an unknown god.
   424 | D:1      | Reached skill level 1 in Fighting
   424 | D:1      | Reached XP level 2. HP: 23/23 MP: 3/3
   840 | D:1      | Reached skill level 2 in Unarmed Combat
  1145 | D:1      | 1145 ||| Stepping ~*~*~tactically~*~*~ (stealth).
  1198 | D:1      | 1198 ||| UPGRADING to amulet of guardian spirit.
  1203 | D:1      | 1203 ||| READING scroll labelled IKHLAWK FAP XIWN.
  1204 | D:1      | 1204 ||| READING scroll labelled CUACYO OZIRHAM.
  1305 | D:1      | 1305 ||| READING scroll labelled COUNIT EVYI.
  1309 | D:1      | 1309 ||| DROPPING potion of magic.
  1369 | D:2      | HP: 2/23 [worm (6)]
  1372 | D:2      | Reached XP level 3. HP: 3/28 MP: 0/4
  1619 | D:2      | 1619 ||| FLEEEEING.
  1620 | D:2      | 1620 ||| FLEEEEING.
  1621 | D:2      | 1621 ||| FLEEEEING.
  1707 | D:2      | Found a hazy altar of Hepliaklqana.
  1826 | D:2      | Found a runed translucent door.
  1827 | D:2      | Noticed Crazy Yiuf
  1892 | D:2      | 1892 ||| Stepping ~*~*~tactically~*~*~ (stealth).
  1894 | D:2      | 1894 ||| Stepping ~*~*~tactically~*~*~ (stealth).
  1983 | D:2      | Found Ixiumedu's Jewellery Shop.
  1988 | D:2      | 1988 ||| SHOPLISTING +6 ring of dexterity (432 gold, have
                  | 43).
  1988 | D:2      | 1988 ||| SHOPLISTING amulet of reflection (360 gold, have
                  | 43).
  1988 | D:2      | 1988 ||| SHOPLISTING amulet of regeneration (360 gold, have
                  | 43).
  1988 | D:2      | 1988 ||| SHOPLISTING amulet of the acrobat (360 gold, have
                  | 43).
  1988 | D:2      | 1988 ||| SHOPLISTING ring of Propriety {rF++ rC+ rN+ Str+6
                  | Dex-3} (784 gold, have 43).
  1988 | D:2      | 1988 ||| SHOPLISTING ring of willpower (300 gold, have 43).
  2019 | D:2      | 2019 ||| Stepping ~*~*~tactically~*~*~ (stealth).
  2021 | D:2      | Reached skill level 3 in Unarmed Combat
  2081 | D:2      | 2081 ||| Stepping ~*~*~tactically~*~*~ (stealth).
  2084 | D:2      | 2084 ||| Stepping ~*~*~tactically~*~*~ (stealth).
  2096 | D:2      | 2096 ||| Stepping ~*~*~tactically~*~*~ (stealth).
  2102 | D:2      | 2102 ||| FLEEEEING.
  2103 | D:2      | 2103 ||| FLEEEEING.
  2105 | D:2      | 2105 ||| FLEEEEING.
  2106 | D:2      | 2106 ||| FLEEEEING.
  2122 | D:2      | 2122 ||| Stepping ~*~*~tactically~*~*~ (stealth).
  2123 | D:2      | 2123 ||| Stepping ~*~*~tactically~*~*~ (stealth).
  2209 | D:2      | Reached XP level 4. HP: 35/35 MP: 5/5
  2234 | D:2      | 2234 ||| Stepping ~*~*~tactically~*~*~ (stealth).
  2236 | D:2      | 2236 ||| Stepping ~*~*~tactically~*~*~ (stealth).
  2324 | D:2      | 2324 ||| Stepping ~*~*~tactically~*~*~ (stealth).
  2326 | D:2      | Noticed Robin
  2327 | D:2      | 2327 ||| Stepping ~*~*~tactically~*~*~ (stealth).
  2328 | D:2      | 2328 ||| Stepping ~*~*~tactically~*~*~ (stealth).
  2335 | D:2      | 2335 ||| Stepping ~*~*~tactically~*~*~ (hiding).
  2336 | D:2      | 2336 ||| Stepping ~*~*~tactically~*~*~ (hiding).
  2337 | D:2      | 2337 ||| Stepping ~*~*~tactically~*~*~ (hiding).
  2338 | D:2      | 2338 ||| Stepping ~*~*~tactically~*~*~ (hiding).
  2351 | D:2      | Killed Robin
  2354 | D:2      | 2354 ||| FLEEEEING.
  2355 | D:2      | 2355 ||| FLEEEEING.
  2356 | D:2      | 2356 ||| FLEEEEING.
  2358 | D:2      | 2358 ||| STAIRDANCE
  2388 | D:1      | 2388 ||| UPGRADING to +0 buckler.
  2393 | D:1      | 2393 ||| READING scroll labelled POBROINARPH.
  2394 | D:1      | 2394 ||| READING scroll labelled HUFRAI OFUMM.
  2395 | D:1      | 2395 ||| READING scroll labelled TUFUATRY ETOSU.
  2396 | D:1      | 2396 ||| DRINKING 3 bubbling orange potions.
  2397 | D:1      | 2397 ||| DROPPING 2 potions of brilliance.
  2419 | D:2      | Reached skill level 4 in Unarmed Combat
  2437 | D:2      | 2437 ||| Stepping ~*~*~tactically~*~*~ (stealth).
  2498 | D:2      | 2498 ||| Stepping ~*~*~tactically~*~*~ (stealth).
  2563 | D:2      | 2563 ||| Stepping ~*~*~tactically~*~*~ (stealth).
  2564 | D:2      | 2564 ||| Stepping ~*~*~tactically~*~*~ (stealth).
  2568 | D:2      | 2568 ||| Stepping ~*~*~tactically~*~*~ (outnumbered).
  2569 | D:2      | 2569 ||| Stepping ~*~*~tactically~*~*~ (outnumbered).
  2571 | D:2      | 2571 ||| Stepping ~*~*~tactically~*~*~ (outnumbered).
  2788 | D:2      | 2788 ||| UPGRADING to +0 helmet.
  2850 | D:3      | 2850 ||| STAIRDANCE
  2856 | D:2      | Reached XP level 5. HP: 39/41 MP: 4/6
  2993 | D:3      | 2993 ||| STAIRDANCE
  3140 | D:3      | Reached skill level 1 in Shields
  3239 | D:3      | Found a basalt altar of Yredelemnul.
  3259 | D:3      | 3259 ||| Stepping ~*~*~tactically~*~*~ (stealth).
  3261 | D:3      | 3261 ||| Stepping ~*~*~tactically~*~*~ (stealth).
  3264 | D:3      | 3264 ||| Stepping ~*~*~tactically~*~*~ (stealth).
  3266 | D:3      | 3266 ||| Stepping ~*~*~tactically~*~*~ (stealth).
  3335 | D:3      | Identified the amulet "Roirphut" {Spirit rF- Dex+5}
  3566 | D:3      | 3566 ||| READING scroll labelled EJANNU CIARPH.
  3567 | D:3      | 3567 ||| READING scroll labelled TUR WOICELUSOZ.
  3568 | D:3      | 3568 ||| READING scroll labelled ONTYK ISIM.
  3569 | D:3      | 3569 ||| READING scroll labelled KAIFUKH KECLOA.
  3601 | D:4      | 3601 ||| STAIRDANCE
  3659 | D:4      | Reached skill level 5 in Unarmed Combat
  3880 | D:4      | Found a snail-covered altar of Cheibriados.
  3948 | D:4      | Reached XP level 6. HP: 48/48 MP: 7/7
  4000 | D:4      | Found a stormy altar of Qazlal.
  4115 | D:4      | Reached skill level 6 in Unarmed Combat
  4333 | D:4      | 4333 ||| Stepping ~*~*~tactically~*~*~ (stealth).
  4339 | D:4      | 4339 ||| Stepping ~*~*~tactically~*~*~ (hiding).
  4346 | D:4      | 4346 ||| FLEEEEING.
  4347 | D:4      | 4347 ||| FLEEEEING.
  4354 | D:4      | 4354 ||| FLEEEEING.
  4355 | D:4      | 4355 ||| FLEEEEING.
  4356 | D:4      | 4356 ||| FLEEEEING.
  4357 | D:4      | 4357 ||| FLEEEEING.
  4358 | D:4      | 4358 ||| FLEEEEING.
  4359 | D:4      | 4359 ||| FLEEEEING.
  4467 | D:4      | Reached skill level 3 in Fighting
  4470 | D:4      | Reached XP level 7. HP: 49/57 MP: 5/8
  4846 | D:4      | Found a shimmering altar of Xom.
  4999 | D:4      | 4999 ||| UPGRADING to +0 leather armour.
  5009 | D:4      | 5009 ||| DROPPING +0 robe.
  5010 | D:4      | 5010 ||| UPGRADING to +0 ring mail.
  5020 | D:4      | 5020 ||| DROPPING +0 leather armour.
  5021 | D:4      | 5021 ||| UPGRADING to ring of protection from cold.
  5022 | D:4      | 5022 ||| READING scroll labelled DEEMIOPICY.
  5023 | D:4      | 5023 ||| READING 3 scrolls of identify.
  5023 | D:4      | 5023 ||| IDENTIFYING cyan potion
  5024 | D:4      | 5024 ||| READING 2 scrolls of identify.
  5024 | D:4      | 5024 ||| IDENTIFYING coppery potion
  5029 | D:5      | Entered Level 5 of the Dungeon
  5056 | D:5      | 5056 ||| Stepping ~*~*~tactically~*~*~ (hiding).
  5057 | D:5      | 5057 ||| Stepping ~*~*~tactically~*~*~ (hiding).
  5059 | D:5      | 5059 ||| Stepping ~*~*~tactically~*~*~ (hiding).
  5060 | D:5      | 5060 ||| Stepping ~*~*~tactically~*~*~ (hiding).
  5061 | D:5      | 5061 ||| Stepping ~*~*~tactically~*~*~ (hiding).
  5172 | D:5      | 5172 ||| Stepping ~*~*~tactically~*~*~ (stealth).
  5183 | D:5      | 5183 ||| Stepping ~*~*~tactically~*~*~ (stealth).
  5188 | D:5      | 5188 ||| Stepping ~*~*~tactically~*~*~ (hiding).
  5191 | D:5      | 5191 ||| Stepping ~*~*~tactically~*~*~ (hiding).
  5193 | D:5      | 5193 ||| Stepping ~*~*~tactically~*~*~ (hiding).
  5195 | D:5      | 5195 ||| Stepping ~*~*~tactically~*~*~ (hiding).
  5196 | D:5      | 5196 ||| Stepping ~*~*~tactically~*~*~ (hiding).
  5214 | D:5      | Reached skill level 7 in Unarmed Combat
  5242 | D:5      | 5242 ||| Stepping ~*~*~tactically~*~*~ (stealth).
  5245 | D:5      | 5245 ||| Stepping ~*~*~tactically~*~*~ (stealth).
  5514 | D:5      | Reached skill level 1 in Armour
  5578 | D:5      | 5578 ||| Stepping ~*~*~tactically~*~*~ (outnumbered).
  5827 | D:5      | 5827 ||| Stepping ~*~*~tactically~*~*~ (stealth).
  5829 | D:5      | Reached skill level 8 in Unarmed Combat
  5847 | D:5      | Found an ancient bone altar of Kikubaaqudgha.
  5848 | D:5      | 5848 ||| Stepping ~*~*~tactically~*~*~ (stealth).
  5878 | D:5      | Reached XP level 8. HP: 65/66 MP: 9/9
  6235 | D:5      | 6235 ||| UPGRADING to +0 scale mail.
  6245 | D:5      | 6245 ||| DROPPING +0 ring mail.
  6246 | D:5      | 6246 ||| READING scroll labelled CADOBOBBAK.
  6247 | D:5      | 6247 ||| DRINKING 3 lumpy red potions.
  6248 | D:5      | 6248 ||| DRINKING 2 fuming emerald potions.
  6249 | D:5      | 6249 ||| DROPPING 2 potions of invisibility.
  6301 | D:6      | 6301 ||| Stepping ~*~*~tactically~*~*~ (hiding).
  6514 | D:6      | Reached skill level 9 in Unarmed Combat
  6650 | D:6      | Found a blossoming altar of Fedhas.
  6681 | D:6      | 6681 ||| Stepping ~*~*~tactically~*~*~ (hiding).
  6688 | D:6      | 6688 ||| Stepping ~*~*~tactically~*~*~ (outnumbered).
  6691 | D:6      | 6691 ||| Stepping ~*~*~tactically~*~*~ (outnumbered).
  6701 | D:6      | 6701 ||| Stepping ~*~*~tactically~*~*~ (outnumbered).
  6899 | D:6      | Found a hazy altar of Hepliaklqana.
  7159 | D:6      | 7159 ||| READING 2 scrolls of identify.
  7159 | D:6      | 7159 ||| IDENTIFYING fuming sapphire potion
  7160 | D:6      | 7160 ||| DROPPING potion of ambrosia.
  7185 | D:7      | Found a hide-covered altar of Uskayaw.
  7185 | D:7      | Found an ornate altar of the Wu Jian Council.
  7188 | D:7      | 7188 ||| Stepping ~*~*~tactically~*~*~ (outnumbered).
  7189 | D:7      | 7189 ||| Stepping ~*~*~tactically~*~*~ (outnumbered).
  7190 | D:7      | 7190 ||| Stepping ~*~*~tactically~*~*~ (outnumbered).
  7191 | D:7      | 7191 ||| Stepping ~*~*~tactically~*~*~ (outnumbered).
  7192 | D:7      | 7192 ||| Stepping ~*~*~tactically~*~*~ (outnumbered).
  7200 | D:7      | HP: 6/68 [wight/+2 battleaxe (13)]
  7200 | D:7      | Slain by a steam dragon

Levels and vault maps discovered:
D:1:      zelgadis_glass_arrival_small, layout_loops_corners,
          serial_co_window_serial, co_window_corner_a, co_window_paths_b,
          co_window_of_opportunity_a, co_window_of_opportunity_a,
          co_window_paths_a, co_window_2corner, co_window_corner_ca,
          co_window_corner_b, co_window_4corner_a, glass_columns_a,
          glass_columns_c, glass_columns_a, glass_columns_b,
          hellmonk_ecumenical_altar_zigzags, minivault_26, serial_park_tiny_pond
D:2:      layout_loops_cross, basic_altar, serial_shops, shop_statue,
          uniq_crazy_yiuf_cottage, uniq_robin
D:3:      layout_rooms, old_standard_altar, tso_altar
D:4:      layout_loops_corners, kennysheep_little_box, grunt_qazlal_clouds,
          mainiacjoe_overflow_chevrons
D:5:      lemuel_ice_spiral_2, layout_basic, kennysheep_vampire_church
D:6:      layout_basic, nicolae_hepliaklqana_hazy_memory,
          mainiacjoe_overflow_alcove_1
D:7:      corexii_shack_village, layout_rooms, tgw_sif,
          grunt_temple_overflow_open, minmay_temple_entry_crystal_x

Skill      XL: |  1  2  3  4  5  6  7  8 |
---------------+-------------------------+-----
Unarmed Combat | 1 2 3 4 5 6 8 9 |  9.3
Fighting       | 1 2 3 4 5 |  5.0
Shields        | 1 2 |  2.2
Armour         | 1 |  1.6
Dodging        | |  1.7
Stealth        | |  2.1
Spellcasting   | |  1.7
Conjurations   | |  0.7
Fire Magic     | |  2.4

Action                   |  1- 3 |  4- 6 |  7- 9 || total
-------------------------+-------+-------+-------++-------
Melee: Unarmed           |   117 |   167 |   192 ||   476
       Punch             |     1 |       |       ||     1
Throw: Boomerang         |       |    24 |    37 ||    61
  Use: Scroll            |     3 |     7 |     5 ||    15
       Potion            |       |     1 |     2 ||     3
 Stab: Distracted        |     1 |       |       ||     1
Armor: Robe              |    13 |    28 |     3 ||    44
       Ring mail         |       |       |    33 ||    33
       Scale mail        |       |       |    29 ||    29
Dodge: Dodged            |    64 |    80 |    82 ||   226
Block: Buckler           |       |    11 |    27 ||    38

Table legend:
 A = Non-vault XP
 B = Vault XP
 C = Vault XP percentage of total XP
 D = Non-vault monster count
 E = Vault monster count
 F = Vault count percentage of total count
                 A         B        C        D         E       F
            +---------+---------+-------+---------+---------+-------
      Total |    1895 |     159 |   7.7 |     101 |      19 |  15.8
            +---------+---------+-------+---------+---------+-------
        D:1 |      29 |       0 |   0.0 |      17 |       0 |   0.0
        D:2 |     101 |      35 |  25.7 |      21 |      11 |  34.4
        D:3 |      24 |       0 |   0.0 |      10 |       0 |   0.0
        D:4 |     462 |       0 |   0.0 |      20 |       0 |   0.0
        D:5 |     479 |     124 |  20.6 |      14 |       8 |  36.4
        D:6 |     722 |       0 |   0.0 |      18 |       0 |   0.0
        D:7 |      78 |       0 |   0.0 |       1 |       0 |   0.0
            +---------+---------+-------+---------+---------+-------
